 Dungeon Sprint DCSS version 0.29.1-2-gbd0b4ee654 (webtiles) character file.

Game seed: 3444

9600000 Ashen the Conqueror (level 26, -28/242 HPs)
             Began as a Demonspawn Warper on Oct 26, 2022.
             Was the Champion of Makhleb.
             Annihilated by a sculptor of flesh
             ... wielding a +9 great sword
              (76 damage)
             ... in the Dungeon (Sprint VIII: "Arena of Blood").
             The game lasted 00:04:06 (96 turns).

Ashen the Conqueror (Demonspawn Warper)               Turns: 96, Time: 00:04:07

Health: -28/242    AC:  6    Str: 11    XL:     26   Next: 7%
Magic:  54/54      EV: 38    Int: 24    God:    Makhleb [******]
Gold:   0          SH:  0    Dex: 22    Spells: 79/79 levels left

rFire   . . .      SeeInvis +   j - +∞ Axe of Woe
rCold   . . .      Faith    .   (shield currently unavailable)
rNeg    . . .      Spirit   .   b - +0 leather armour
rPois   .          Reflect  .   (no helmet)
rElec   .          Harm     .   (cloak unavailable)
rCorr   .          Rampage  .   (no gloves)
Will    +....      NoTele   +   (no boots)
Stlth   ++++++++++              (no amulet)
HPRegen 9.50/turn               l - ring of see invisible
MPRegen 0.34/turn               (no ring)

@: mighty, agile
A: powered by death 3, powered by pain 3, augmentation 2, big brain 3, weakness
stinger 3
a: Renounce Religion, Minor Destruction, Lesser Servant of Makhleb, Major
Destruction, Greater Servant of Makhleb


You were in the Dungeon.
You worshipped Makhleb.
Makhleb was exalted by your worship.
You visited 1 branch

Inventory:

Hand Weapons
 a - a +0 hand axe
 j - the +∞ Axe of Woe (weapon)
   (You found it in the Dungeon)
Missiles
 d - 7 boomerangs of dispersal (quivered)
Armour
 b - a +0 leather armour (worn)
Jewellery
 k - a +250 ring of slaying
 l - a ring of see invisible (left hand)
Scrolls
 c - 2 scrolls of blinking
Potions
 e - a potion of curing
 f - a potion of heal wounds
 g - a potion of haste
 h - 2 potions of magic
 i - a potion of berserk rage


   Skills:
 O Level 27 Fighting
 + Level 19.1(21.8) Short Blades
 + Level 17.8(21.2) Long Blades
 O Level 27 Axes
 + Level 17.8(26.3) Maces & Flails
 + Level 17.8(26.3) Polearms
 + Level 17.8(23.1) Staves
 + Level 17.8 Ranged Weapons
 O Level 27 Throwing
 O Level 27 Armour
 O Level 27 Dodging
 O Level 27 Stealth
 + Level 19.1 Shields
 + Level 19.2 Unarmed Combat
 O Level 27 Spellcasting
 + Level 20.7 Conjurations
 + Level 20.7 Hexes
 + Level 20.7 Summonings
 + Level 22.3 Necromancy
 O Level 27 Translocations
 + Level 19.1 Transmutations
 + Level 19.1 Fire Magic
 + Level 19.2 Ice Magic
 + Level 19.2 Air Magic
 + Level 19.1 Earth Magic
 + Level 20.7 Poison Magic
 + Level 26.0 Invocations
 + Level 20.7 Evocations


You had 79 spell levels left.
You didn't know any spells.
Your spell library contained the following spells:

 Spells                   Type           Power      Damage    Failure   Level
 Blink                    Tloc           100%       N/A       0%          2
 Gell's Gravitas          Tloc           100%       N/A       0%          3
 Lesser Beckoning         Tloc           100%       N/A       0%          3
 Teleport Other           Tloc           100%       N/A       0%          3
 Manifold Assault         Tloc           100%       N/A       0%          5


Dungeon Overview and Level Annotations

Branches:
Dungeon (1/1)

Altars:
Makhleb

Annotations:
D The Captor


Innate Abilities, Weirdness & Mutations

You regenerate a lot of health from kills.
You are powered by pain.
Your magical and physical power is enhanced at high health.
You have an absolutely massive brain. (Int +6, Wiz)
You have a sharp stinger which inflicts weakening toxins.


Message History

You kill the meat beast!
Makhleb accepts your kill.
You feel better.
You are engulfed in blazing flames.
* * * LOW HITPOINT WARNING * * *
You hear a shout! x6
The dread calls on the powers of darkness!
The meat berserker convulses!
The bag of meat convulses! x3
The Captor convulses!
The bag of meat convulses! x9
Your body is wracked with pain!
* * * LOW HITPOINT WARNING * * *
You hear a shout! x3
A meat berserker comes into view. It is wielding a +9 battleaxe.
You hear a roar!
Your base Short Blades skill increases to level 19!
Your base Long Blades skill increases to level 17!
Your base Maces & Flails skill increases to level 17!
Your base Polearms skill increases to level 17!
Your base Staves skill increases to level 17!
Your Ranged Weapons skill increases to level 17!
Your Shields skill increases to level 19!
Your Unarmed Combat skill increases to level 19!
Your Conjurations skill increases to level 20!
Your Hexes skill increases to level 20!
Your Summonings skill increases to level 20!
Your Necromancy skill increases to level 22!
Your Transmutations skill increases to level 19!
Your Fire Magic skill increases to level 19!
Your Ice Magic skill increases to level 19!
Your Air Magic skill increases to level 19!
Your Earth Magic skill increases to level 19!
Your Poison Magic skill increases to level 20!
Your Invocations skill gained 2 levels and is now at level 26!
Your Evocations skill increases to level 20!
You have reached level 26!
You hear a shout! x8; You hear an explosion!
You hear a shout! x3
You hear a shout! x8
You hear a shout! x2
The sculptor of flesh is engulfed in blazing flames.
The sculptor of flesh hits you with a +9 great sword!!!!
You die...

#################
####.......))......####
###...........))@.......#
.........)##.##z#####....
...............§°zooo.. .
o..####.....##.##Loooo.
#o..o.........°MXXz..
.o.#..........#.#.oWOo.
.. #.))...........@.oo#
#...#.)............o.M.
....)#))...............


You could see a sculptor of flesh.

Vanquished Creatures
  2 hell beasts (D)
  A royal mummy (D)
  6 vampire knights (D)
  27 ogres (D)
  8 two-headed ogres (D)
  2 liches (D)
  2 hydras (D)
  48 orcs (D)
  5 skeletal warriors (D)
101 creatures vanquished.

Vanquished Creatures (others)
  A two-headed ogre (D)
1 creature vanquished.

Grand Total: 102 creatures vanquished

Notes
Turn   | Place    | Note
-------+----------+-------------------------------------------
     0 | D        | Found the +∞ Axe of Woe
     0 | D        | Ashen the Demonspawn Warper began the quest for the Orb.
     0 | D        | Reached XP level 1. HP: 16/16 MP: 3/3
     0 | D        | Noticed a bag of meat
     1 | D        | Noticed a bag of meat
     3 | D        | Became a worshipper of Makhleb the Destroyer
     3 | D        | Noticed a meat berserker
     4 | D        | Noticed a bag of meat
     5 | D        | Killed a bag of meat
     5 | D        | Noticed a meat berserker
     6 | D        | Gained mutation: You regenerate a little health from kills.
                  | [demonic ancestry]
     6 | D        | Reached XP level 2. HP: 49/49 MP: 5/5
     6 | D        | Gained mutation: You have a small tail. [demonic ancestry]
     6 | D        | Reached XP level 3. HP: 55/55 MP: 6/6
     6 | D        | Gained mutation: You have an unusually large brain. (Int
                  | +2) [demonic ancestry]
     6 | D        | Reached XP level 4. HP: 63/63 MP: 7/7
     6 | D        | Gained mutation: You sometimes gain a little power by
                  | taking damage. [demonic ancestry]
     6 | D        | Reached XP level 5. HP: 69/69 MP: 8/8
     6 | D        | Gained mutation: You have a tail ending in a sharp stinger.
                  | [demonic ancestry]
     6 | D        | Reached XP level 6. HP: 76/76 MP: 9/9
     6 | D        | Gained mutation: You have an extremely huge brain. (Int +4)
                  | [demonic ancestry]
     6 | D        | Reached XP level 7. HP: 83/83 MP: 10/10
     6 | D        | Gained mutation: You regenerate health from kills. [demonic
                  | ancestry]
     6 | D        | Reached XP level 8. HP: 90/90 MP: 11/11
     6 | D        | Reached XP level 9. HP: 96/96 MP: 12/12
     6 | D        | Gained mutation: You have an absolutely massive brain. (Int
                  | +6, Wiz) [demonic ancestry]
     6 | D        | Reached XP level 10. HP: 104/104 MP: 13/13
     6 | D        | Noticed a bag of meat
     6 | D        | Noticed a bag of meat
     7 | D        | Killed a meat berserker
     7 | D        | Reached * piety under Makhleb
     7 | D        | Killed a bag of meat
     7 | D        | Noticed a meat berserker
     8 | D        | Reached XP level 11. HP: 122/122 MP: 14/14
     8 | D        | Gained mutation: You sometimes gain power by taking damage.
                  | [demonic ancestry]
     8 | D        | Reached XP level 12. HP: 130/130 MP: 15/15
     8 | D        | Gained mutation: Your magical and physical power is
                  | slightly enhanced at high health. [demonic ancestry]
     8 | D        | Reached XP level 13. HP: 137/137 MP: 16/16
     8 | D        | Noticed a bag of meat
     8 | D        | Noticed a meat berserker
     8 | D        | Noticed a meat berserker
     9 | D        | Killed a meat berserker
     9 | D        | Killed a bag of meat
     9 | D        | Reached ** piety under Makhleb
     9 | D        | Killed a meat berserker
     9 | D        | Noticed a bag of meat
    10 | D        | Reached skill level 27 in Fighting
    10 | D        | Reached skill level 27 in Axes
    10 | D        | Reached skill level 1 in Throwing
    10 | D        | Reached skill level 1 in Armour
    10 | D        | Reached XP level 14. HP: 153/153 MP: 16/20
    10 | D        | Noticed a bag of meat
    10 | D        | Noticed a meat berserker
    10 | D        | Noticed a bag of meat
    10 | D        | Noticed a meat berserker
    11 | D        | Killed a meat berserker
    11 | D        | Noticed a bag of meat
    12 | D        | Reached XP level 15. HP: 159/159 MP: 16/26
    12 | D        | Reached *** piety under Makhleb
    13 | D        | Reached skill level 10 in Spellcasting
    13 | D        | Killed a meat berserker
    15 | D        | Killed a meat berserker
    15 | D        | Reached **** piety under Makhleb
    15 | D        | Killed a meat berserker
    16 | D        | Reached skill level 5 in Throwing
    16 | D        | Reached skill level 5 in Armour
    16 | D        | Reached XP level 16. HP: 165/167 MP: 16/34
    17 | D        | Reached ***** piety under Makhleb
    18 | D        | Noticed a large bag of meat
    19 | D        | Noticed a large bag of meat
    19 | D        | Noticed a meat berserker
    20 | D        | Reached skill level 27 in Translocations
    20 | D        | Reached XP level 17. HP: 174/174 MP: 17/38
    20 | D        | Noticed a meat berserker
    21 | D        | Noticed a meat berserker
    22 | D        | Reached ****** piety under Makhleb
    22 | D        | Noticed a large bag of meat
    22 | D        | Noticed a large bag of meat
    23 | D        | Reached XP level 18. HP: 182/182 MP: 18/46
    24 | D        | Reached skill level 10 in Throwing
    24 | D        | Noticed a destroyer
    24 | D        | Killed a large bag of meat
    24 | D        | Noticed a destroyer
    24 | D        | Noticed a meat berserker
    24 | D        | Noticed a meat berserker
    25 | D        | Reached skill level 10 in Armour
    25 | D        | Reached skill level 27 in Spellcasting
    26 | D        | Killed a meat berserker
    26 | D        | Noticed a large bag of meat
    26 | D        | Noticed a destroyer
    27 | D        | Reached skill level 27 in Dodging
    27 | D        | Reached XP level 19. HP: 178/189 MP: 19/50
    27 | D        | Noticed a meat berserker
    27 | D        | Noticed a meat berserker
    27 | D        | Noticed a meat berserker
    28 | D        | Killed a meat berserker
    28 | D        | Noticed a large bag of meat
    29 | D        | Killed a meat berserker
    29 | D        | Killed a large bag of meat
    30 | D        | Gained mutation: You have a sharp stinger which inflicts
                  | weakening toxins. [demonic ancestry]
    30 | D        | Reached XP level 20. HP: 163/197 MP: 19/51
    30 | D        | Killed a destroyer
    30 | D        | Killed a meat berserker
    30 | D        | Noticed an eight-headed meat hydra
    31 | D        | Reached skill level 27 in Throwing
    31 | D        | Reached skill level 27 in Armour
    31 | D        | Killed a meat berserker
    31 | D        | Noticed a large bag of meat
    31 | D        | Noticed a meat berserker
    32 | D        | Reached skill level 5 in Stealth
    32 | D        | Reached skill level 5 in Conjurations
    32 | D        | Reached skill level 5 in Hexes
    32 | D        | Reached skill level 5 in Summonings
    32 | D        | Reached skill level 5 in Necromancy
    32 | D        | Reached skill level 5 in Poison Magic
    32 | D        | Reached skill level 5 in Evocations
    32 | D        | Killed a destroyer
    32 | D        | Killed a large bag of meat
    33 | D        | Reached skill level 10 in Invocations
    33 | D        | Gained mutation: Your magical and physical power is
                  | enhanced at high health. [demonic ancestry]
    33 | D        | Reached XP level 21. HP: 175/204 MP: 20/52
    34 | D        | Reached skill level 10 in Necromancy
    34 | D        | Killed a destroyer
    34 | D        | Killed a large bag of meat
    35 | D        | Reached skill level 10 in Short Blades
    35 | D        | Reached skill level 10 in Shields
    35 | D        | Reached skill level 10 in Unarmed Combat
    35 | D        | Reached skill level 10 in Transmutations
    35 | D        | Reached skill level 10 in Fire Magic
    35 | D        | Reached skill level 10 in Ice Magic
    35 | D        | Reached skill level 10 in Air Magic
    35 | D        | Reached skill level 10 in Earth Magic
    35 | D        | Reached XP level 22. HP: 81/212 MP: 31/53
    37 | D        | Reached skill level 15 in Invocations
    38 | D        | Reached skill level 10 in Long Blades
    38 | D        | Reached skill level 10 in Maces & Flails
    38 | D        | Reached skill level 10 in Polearms
    38 | D        | Reached skill level 10 in Staves
    38 | D        | Reached skill level 10 in Ranged Weapons
    38 | D        | Killed a large bag of meat
    38 | D        | Killed a large bag of meat
    38 | D        | Killed a large bag of meat
    38 | D        | Noticed a destroyer
    38 | D        | Noticed a destroyer
    39 | D        | Reached skill level 15 in Necromancy
    40 | D        | Reached XP level 23. HP: 147/219 MP: 50/54
    44 | D        | Killed a destroyer
    45 | D        | Reached skill level 15 in Stealth
    45 | D        | Reached skill level 15 in Conjurations
    45 | D        | Reached skill level 15 in Hexes
    45 | D        | Reached skill level 15 in Summonings
    45 | D        | Reached skill level 15 in Poison Magic
    45 | D        | Reached skill level 15 in Evocations
    48 | D        | Noticed a tyrant
    48 | D        | Killed a tyrant
    51 | D        | Killed a destroyer
    52 | D        | Reached skill level 15 in Short Blades
    52 | D        | Reached skill level 15 in Shields
    52 | D        | Reached skill level 15 in Unarmed Combat
    52 | D        | Reached skill level 15 in Transmutations
    52 | D        | Reached skill level 15 in Fire Magic
    52 | D        | Reached skill level 15 in Ice Magic
    52 | D        | Reached skill level 15 in Air Magic
    52 | D        | Reached skill level 15 in Earth Magic
    55 | D        | Noticed a tyrant
    58 | D        | Gained mutation: You are powered by pain. [demonic
                  | ancestry]
    58 | D        | Reached XP level 24. HP: 224/227 MP: 54/54
    59 | D        | Noticed a meat beast
    61 | D        | Killed a meat beast
    61 | D        | Noticed an accursed
    68 | D        | Killed a tyrant
    69 | D        | Reached skill level 15 in Long Blades
    69 | D        | Reached skill level 15 in Maces & Flails
    69 | D        | Reached skill level 15 in Polearms
    69 | D        | Reached skill level 15 in Staves
    69 | D        | Reached skill level 15 in Ranged Weapons
    70 | D        | Noticed a destroyer
    71 | D        | Killed an accursed
    72 | D        | Reached skill level 27 in Stealth
    72 | D        | Killed a destroyer
    73 | D        | Gained mutation: You regenerate a lot of health from kills.
                  | [demonic ancestry]
    73 | D        | Reached XP level 25. HP: 234/234 MP: 54/54
    74 | D        | Noticed a large bag of meat
    83 | D        | Noticed a tyrant
    83 | D        | Noticed a dread
    83 | D        | Noticed an accursed
    85 | D        | Noticed a meat beast
    85 | D        | Noticed The Captor
    92 | D        | Killed a large bag of meat
    92 | D        | Noticed an accursed
    93 | D        | Killed a meat beast
    94 | D        | Reached XP level 26. HP: 20/242 MP: 54/54
    94 | D        | Killed a large bag of meat
    96 | D        | Annihilated by a sculptor of flesh

Illustrated notes

Levels and vault maps discovered:
D:        meatsprint

Skill      XL: |  1  2  3  4  5  6  7  8  9 10 11 12 13 14 15 16 17 18 19 20 21 22 23 24 25 |
---------------+----------------------------------------------------------------------------+-----
Fighting       | 18 23 27 | 27.0
Axes           | 16 22 27 | 27.0
Throwing       | 1 2 5 6 9 17 25 27 | 27.0
Armour         | 1 2 5 6 9 17 24 27 | 27.0
Dodging        | 3 6 11 14 20 27 | 27.0
Spellcasting   | 4 7 14 17 24 27 | 27.0
Translocations | 7 13 23 27 | 27.0
Short Blades   | 7 10 13 15 17 19 | 19.1
Long Blades    | 6 9 11 13 15 17 | 17.8
Maces & Flails | 6 9 11 13 15 17 | 17.8
Polearms       | 6 9 11 13 15 17 | 17.8
Staves         | 6 9 11 13 15 17 | 17.8
Ranged Weapons | 6 9 11 13 15 17 | 17.8
Stealth        | 8 11 14 16 27 | 27.0
Shields        | 7 10 13 15 17 19 | 19.1
Unarmed Combat | 7 10 13 15 17 19 | 19.2
Conjurations   | 8 11 14 16 18 20 | 20.7
Hexes          | 8 11 14 16 18 20 | 20.7
Summonings     | 8 11 14 16 18 20 | 20.7
Necromancy     | 8 12 15 18 20 22 | 22.3
Transmutations | 7 10 13 15 17 19 | 19.1
Fire Magic     | 7 10 13 15 17 19 | 19.1
Ice Magic      | 7 10 13 15 17 19 | 19.2
Air Magic      | 7 10 13 15 17 19 | 19.2
Earth Magic    | 7 10 13 15 17 19 | 19.1
Poison Magic   | 8 11 14 16 18 20 | 20.7
Invocations    | 10 14 18 21 23 26 | 26.0
Evocations     | 8 11 14 16 18 20 | 20.7

Action                   |  1- 3 |  4- 6 |  7- 9 | 10-12 | 13-15 | 16-18 | 19-21 | 22-24 | 25-27 || total
-------------------------+-------+-------+-------+-------+-------+-------+-------+-------+-------++-------
Melee: Executioner's axe |     1 |       |       |     1 |     5 |     9 |     7 |    19 |    16 ||    58
Dodge: Dodged            |       |       |       |       |       |     1 |       |       |     1 ||     2
